 Dungeon Crawl Stone Soup version 0.26.1-11-gd32895ea62 (webtiles) character file.

Game seed: 16036112179058659833

368 dtburroughs the Chopper (level 6, -8/56 HPs)
             Began as a Minotaur Berserker on June 12, 2021.
             Was a Priest of Trog.
             Mangled by an ogre
             ... wielding a +0 giant club
              (16 damage)
             ... on level 4 of the Dungeon.
             The game lasted 00:06:07 (3286 turns).

dtburroughs the Chopper (Minotaur Berserker)        Turns: 3286, Time: 00:06:08

Health: -8/56      AC:  8    Str: 21    XL:     6   Next: 41%
Magic:  5/5        EV: 11    Int:  6    God:    Trog [***...]
Gold:   113        SH:  0    Dex: 10    Spells: 5/5 levels left

rFire    . . .     SeeInvis .   a - +0 hand axe
rCold    . . .     Faith    .   (no shield)
rNeg     . . .     Spirit   .   t - +0 scale mail
rPois    .         Reflect  .   (helmet restricted)
rElec    .         Harm     .   h - scarf {+Inv}
rCorr    .         Rampage  .   (no gloves)
Will     .....                  j - +0 pair of boots
Stlth    ..........             (no amulet)
HPRegen  0.18/turn              (no ring)
MPRegen  0.09/turn              (no ring)

@: no status effects
A: retaliatory headbutt, horns 2
a: Renounce Religion, Evoke Invisibility, Berserk, Trog's Hand


You were on level 4 of the Dungeon.
You worshipped Trog.
Trog was most pleased with you.
You visited 1 branch of the dungeon, and saw 4 of its levels.

You collected 113 gold pieces.

Inventory:

Hand Weapons
 a - a +0 hand axe (weapon)
 n - a +0 mace
Armour
 h - a scarf of invisibility (worn)
 j - a +0 pair of boots (worn)
 t - a +0 scale mail (worn)
Jewellery
 e - an uncursed ring of resist corrosion {unknown}
 g - an uncursed ring of willpower {unknown}
 l - a cursed ring of attention {unknown}
Wands
 m - a wand of digging (6)
 p - a wand of iceblast (7)
Scrolls
 b - a scroll of blinking {unknown}
 c - 2 scrolls of identify {unknown}
 o - 2 scrolls of remove curse {unknown}
 r - a scroll of teleportation {unknown}
 v - a scroll of enchant weapon {unknown}
 w - a scroll of enchant armour {unknown}
Potions
 d - a potion of magic {unknown}
 f - a potion of haste {unknown}
 i - a potion of curing {unknown}
 k - a potion of heal wounds
 q - a potion of attraction {unknown}
 s - 2 potions of lignification {unknown}
 u - 2 potions of ambrosia {unknown}


   Skills:
 + Level 5.3 Fighting
 + Level 5.3 Axes
 + Level 4.5 Armour
 + Level 4.1 Dodging
 + Level 1.0 Evocations


You had 5 spell levels left.
You didn't know any spells.
Your spell library was empty.

Dungeon Overview and Level Annotations

Branches:
Dungeon (4/15)
 Temple: D:4-7

Altars:
Cheibriados
Fedhas
Qazlal
Ru
The Shining One


Innate Abilities, Weirdness & Mutations

You reflexively headbutt those who attack you in melee.
You have a pair of horns on your head.


Message History

The ogre closely misses you.
The centaur hits you but does no damage.
You hit the centaur.
The centaur is severely wounded.
You completely miss the ogre. The centaur hits you. The ogre barely misses you.
You hit the centaur.
The centaur is almost dead.
You hit the ogre but do no damage.
The centaur hits you but does no damage.
The centaur barely misses you.
The ogre hits you with a +0 giant club!!
* * * LOW HITPOINT WARNING * * *
You slash the ogre!
The ogre is almost dead.
You hit the centaur. The centaur barely misses you. You furiously retaliate!
You headbutt the centaur.
You kill the centaur!
Trog accepts your kill. The ogre hits you with a +0 giant club!
You die...

#. #)..........# #.
##...######.## #.
#..#.# ... #.###....#
##.# #.###..##..###
..# .#...##.....# .#
.....c.....###### ..
.....#.#...)....# # .#
##.....#O@#####.....#
........).((..........
##.....#..###.?.......
#...#!#..# ........
#.#........ .......
...o##.....## .......
. ........ .......
#...#..... .
..#.....##.


You could see an ogre.

Vanquished Creatures
  A centaur (D:4)
  Blork the orc (D:4)
  A howler monkey (D:4)
  Natasha (thrice) (D:3)
  Terence (D:2)
  An iguana (D:3)
  A worker ant (D:4)
  3 adders
  An ooze (D:1)
  A worm (D:2)
  A dart slug (D:1)
  A leopard gecko (D:2)
  9 orcs
  3 ball pythons
  3 giant cockroaches
  8 goblins
  4 hobgoblins
  5 jackals (D:2)
  2 quokkas
  6 bats
  6 frilled lizards
  7 kobolds
  2 rats
71 creatures vanquished.

Notes
Turn   | Place    | Note
-------+----------+-------------------------------------------
     0 | D:1      | dtburroughs the Minotaur Berserker began the quest for the
                  | Orb.
     0 | D:1      | Reached XP level 1. HP: 19/19 MP: 0/0
    90 | D:1      | Reached XP level 2. HP: 18/27 MP: 1/1
  1133 | D:2      | Noticed Terence
  1156 | D:2      | Killed Terence
  1157 | D:2      | Reached XP level 3. HP: 9/33 MP: 2/2
  1786 | D:2      | Reached XP level 4. HP: 31/41 MP: 3/3
  1930 | D:2      | Reached ** piety under Trog
  2052 | D:2      | Found a glowing golden altar of the Shining One.
  2355 | D:3      | Noticed Natasha
  2361 | D:3      | Killed Natasha
  2362 | D:3      | Reached XP level 5. HP: 47/47 MP: 4/4
  2374 | D:3      | Found a stormy altar of Qazlal.
  2435 | D:3      | Noticed Natasha
  2446 | D:3      | Killed Natasha
  2691 | D:3      | Noticed Natasha
  2699 | D:3      | Killed Natasha
  2829 | D:3      | Found a sacrificial altar of Ru.
  2874 | D:3      | Reached skill level 5 in Axes
  2892 | D:3      | Reached skill level 5 in Fighting
  2912 | D:3      | Found a snail-covered altar of Cheibriados.
  2931 | D:3      | Found a blossoming altar of Fedhas.
  3145 | D:4      | Noticed Blork the orc
  3161 | D:4      | Killed Blork the orc
  3162 | D:4      | Reached XP level 6. HP: 43/56 MP: 5/5
  3248 | D:4      | Reached *** piety under Trog
  3249 | D:4      | Reached skill level 1 in Evocations
  3286 | D:4      | Mangled by an ogre

Illustrated notes

Levels and vault maps discovered:
D:1:      dpeg_arrival_water_temple_mockup, layout_basic,
          minmay_misc_feat_enclosed, minmay_strange_pillars
D:2:      layout_basic, tso_metal_star, uniq_terence
D:3:      lemuel_upstairs_altar, layout_rooms, lemuel_crystal_altar,
          marbit_many_paths, lemuel_doored_altar, grunt_qazlal_sundering,
          uniq_natasha
D:4:      layout_rooms, minivault_24, uniq_robin, uniq_blork_the_orc

Skill      XL: |  1  2  3  4  5  6 |
---------------+-------------------+-----
Fighting       | 4 5 |  5.3
Axes           | 4 5 |  5.3
Armour         | 3 4 |  4.5
Dodging        | 3 4 |  4.1
Evocations     | 1 |  1.0

Action                   |  1- 3 |  4- 6 || total
-------------------------+-------+-------++-------
Melee: Hand axe          |    74 |   103 ||   177
       Headbutt          |    10 |    14 ||    24
Armor: Leather armour    |    12 |       ||    12
       Ring mail         |    19 |    22 ||    41
       Scale mail        |       |    18 ||    18
Dodge: Dodged            |    40 |    64 ||   104
